 Dungeon Crawl Stone Soup version 0.29.1-2-gbd0b4ee654 (webtiles) character file.

Game seed: 16172289656333055886

822 GorkyZ the Caller (level 7, -4/36 HPs)
             Began as a Deep Elf Summoner on Nov 24, 2022.
             Was an Initiate of Sif Muna.
             Killed by divine providence
             ... invoked by an orc priest
              (10 damage)
             ... on level 5 of the Dungeon.
             The game lasted 00:34:08 (5632 turns).

GorkyZ the Caller (Deep Elf Summoner)               Turns: 5632, Time: 00:34:09

Health: -4/36      AC:  3    Str:  5    XL:     7   Next: 63%
Magic:  8/27       EV: 14    Int: 22    God:    Sif Muna [......]
Gold:   289        SH:  0    Dex: 15    Spells: 9/18 levels left

rFire   . . .      SeeInvis .   i - +1 dagger (venom)
rCold   . . .      Faith    .   (no shield)
rNeg    . . .      Spirit   .   a - +0 robe
rPois   .          Reflect  .   (no helmet)
rElec   .          Harm     .   (no cloak)
rCorr   .          Rampage  .   (no gloves)
Will    .....                   h - +0 pair of boots {Fly}
Stlth   ++........              (no amulet)
HPRegen 0.12/turn               e - ring of wizardry
MPRegen 0.20/turn               f - ring of magical power

@: flying
A: no striking features
a: Renounce Religion


You were on level 5 of the Dungeon.
You worshipped Sif Muna.
Sif Muna was noncommittal.
You visited 2 branches of the dungeon, and saw 6 of its levels.

You collected 289 gold pieces.

Inventory:

Hand Weapons
 c - a +0 dagger
 i - a +1 dagger of venom (weapon)
 l - a +1 scythe of venom
Armour
 a - a +0 robe (worn)
 h - a +0 pair of boots of flying (worn)
Jewellery
 e - a ring of wizardry (left hand)
 f - a ring of magical power (right hand)
 o - a ring of poison resistance
Wands
 t - a wand of paralysis (2)
 w - a wand of quicksilver (19)
 y - a wand of flame (14)
Scrolls
 d - 2 scrolls of immolation {unknown}
 g - a scroll of amnesia {unknown}
 m - a scroll of teleportation {unknown}
 n - 4 scrolls of identify {unknown}
 q - 2 scrolls of fear {unknown}
 r - 3 scrolls of enchant armour {unknown}
 s - a scroll of fog {unknown}
 u - 2 scrolls of blinking {unknown}
 v - a scroll of silence {unknown}
 x - a scroll of poison {unknown}
Potions
 b - 2 potions of magic
 j - a potion of heal wounds
 k - 3 potions of flight {unknown}
 p - a potion of invisibility {unknown}
 z - 2 potions of curing {unknown}


   Skills:
 + Level 5.7 Dodging
 - Level 2.4 Stealth
 + Level 6.4 Spellcasting
 + Level 3.1 Hexes
 + Level 6.4 Summonings
 + Level 2.3 Air Magic
 + Level 1.5 Evocations


You had 9 spell levels left.
You knew the following spells:

 Your Spells              Type           Power      Damage    Failure   Level
a - Summon Small Mammal   Summ           100%       N/A       1%          1
b - Call Imp              Summ           35%        N/A       1%          2
c - Call Canine Familiar  Summ           35%        N/A       1%          3
d - Summon Guardian Gole  Hex/Summ       28%        N/A       1%          3

Your spell library contained the following spells:

 Spells                   Type           Power      Damage    Failure   Level
 Summon Lightning Spire   Summ/Air       26%        N/A       6%          4
 Conjure Flame            Conj/Fire      7%         6-21      11%         3
 Ignite Poison            Fire/Tmut/Pois 7%         N/A       11%         3
 Sticky Flame             Conj/Fire      7%         2d3       32%         4


Dungeon Overview and Level Annotations

Branches:
Dungeon (5/15)             Temple (1/1) D:4

Altars:
Ashenzari
Cheibriados
Dithmenos
Elyvilon
Fedhas
Kikubaaqudgha
Makhleb
Nemelex Xobeh
Ru
Sif Muna
Trog
Vehumet
Wu Jian
Xom
Yredelemnul
Zin
The Shining One


Message History

Sif Muna accepts your kill.
Reactivating autopickup.
You feel a bit more experienced.
A puff of flame appears from out of thin air!
The puff of flame hits your guardian golem!
Your guardian golem resists.
A magic dart appears from out of thin air!
Deactivating autopickup; reactivate with Ctrl-A.
The magic dart hits you!
Something hits your wolf but does no damage.
You swap places.
Your wolf is engulfed in blazing flames.
Your wolf closely misses something.
Your wolf is engulfed in blazing flames.
Your wolf bites something!
Sif Muna accepts your kill.
Reactivating autopickup.
You feel a bit more experienced.
You are too injured to fight recklessly!
Unknown command.
Casting: Call Canine Familiar (safe; 1% risk of failure)
Confirm with . or Enter, or press ? or * to list all spells.
You don't know that spell.
Casting: Call Canine Familiar (safe; 1% risk of failure)
Confirm with . or Enter, or press ? or * to list all spells.
A beastly little devil appears in a puff of flame.
Your wolf is engulfed in blazing flames.
Your wolf bites the orc priest!
Your wolf is engulfed in blazing flames.
Your wolf is engulfed in blazing flames.
Your wolf dies!
Your wolf's corpse disappears in a puff of smoke!
The orc priest casts a cantrip, but nothing happens.
Your crimson imp blinks!
Your guardian golem overheats!
The orc priest calls down the wrath of Beogh upon you.
Beogh smites you!
* * * LOW HITPOINT WARNING * * *
The orc priest calls down the wrath of Beogh upon you.
Beogh smites you!
You die...

#..# #######..# ###....##..######
#..._...#........
#.......#........
#.......#........
#######.....9o#†.......
.............○)).).....
#####.@....)5###......
#.....#...............
########.###........#####)###
#.........).._......# ...
#..............#...... ######
#...........)#.#....... ..#<..
####..........)...#.......##.#...
.................##.......##.#...
####.........)...# ##### #.#...


You could see an orc priest (ally target), a friendly guardian golem (summoned,
inner flame) and a friendly crimson imp (summoned, sheltered).

Vanquished Creatures
  3 adders
  A dart slug (D:5)
  A bat (D:1)
  2 endoplasms (D:4)
  A giant cockroach (D:3)
  4 goblins
  2 hobgoblins (D:4)
  2 jackals (D:1)
  A kobold (D:3)
  A ball python (D:4)
  3 rats
21 creatures vanquished.

Vanquished Creatures (collateral kills)
  Sigmund (D:2)
  Duvessa (D:4)
  A scorpion (D:5)
  Dowan (D:4)
  An orc priest (D:4)
  2 orc wizards (D:5)
  An iguana (D:2)
  Robin (D:3)
  4 gnolls (D:5)
  7 adders
  2 worms (D:2)
  A dart slug (D:1)
  5 orcs
  5 bats
  7 endoplasms (D:1)
  4 giant cockroaches (D:1)
  12 hobgoblins
  8 jackals
  5 kobolds
  2 quokkas
  6 ball pythons
  4 frilled lizards
  11 goblins
  4 rats
96 creatures vanquished.

Vanquished Creatures (others)
  A black bear (D:5)
  An orc wizard (D:5)
  5 toadstools (D:2)
7 creatures vanquished.

Grand Total: 124 creatures vanquished

Notes
Turn   | Place    | Note
-------+----------+-------------------------------------------
     0 | D:1      | GorkyZ the Deep Elf Summoner began the quest for the Orb.
     0 | D:1      | Reached XP level 1. HP: 10/10 MP: 6/6
   228 | D:1      | Reached XP level 2. HP: 10/15 MP: 5/8
   541 | D:1      | Learned a level 2 spell: Call Imp
   741 | D:1      | Reached XP level 3. HP: 19/19 MP: 10/10
  1563 | D:1      | Learned a level 3 spell: Call Canine Familiar
  1616 | D:2      | Found a faded altar of an unknown god.
  1686 | D:2      | Noticed Sigmund
  1695 | D:2      | Killed Sigmund
  1696 | D:2      | Reached skill level 5 in Spellcasting
  1696 | D:2      | Reached skill level 5 in Summonings
  1696 | D:2      | Reached XP level 4. HP: 24/24 MP: 12/13
  1696 | D:2      | Reached XP level 5. HP: 28/28 MP: 12/14
  2978 | D:3      | Reached XP level 6. HP: 32/32 MP: 16/16
  3059 | D:3      | Noticed Robin
  3093 | D:3      | Killed Robin
  3506 | D:3      | Reached skill level 1 in Hexes
  4038 | D:4      | Reached skill level 5 in Dodging
  4048 | D:4      | Reached skill level 1 in Air Magic
  4248 | D:4      | Noticed Duvessa
  4249 | D:4      | Noticed Dowan
  4260 | D:4      | Killed Duvessa
  4263 | D:4      | Killed Dowan
  4264 | D:4      | Reached XP level 7. HP: 9/36 MP: 18/18
  4497 | D:4      | Learned a level 3 spell: Summon Guardian Golem
  4745 | D:4      | Found a staircase to the Ecumenical Temple.
  4754 | Temple   | Entered the Ecumenical Temple
  4883 | Temple   | Became a worshipper of Sif Muna the Loreminder
  5273 | D:5      | Entered Level 5 of the Dungeon
  5363 | D:5      | Found a white marble altar of Elyvilon.
  5397 | D:5      | Found a basalt altar of Yredelemnul.
  5424 | D:5      | Reached skill level 1 in Evocations
  5577 | D:5      | Found a burning altar of Makhleb.
  5632 | D:5      | Killed from afar by an orc priest

Illustrated notes

Levels and vault maps discovered:
D:1:      dpeg_arrival_rooms_a, layout_basic
D:2:      layout_loops_ring, basic_ecumenical_altar, serial_forest,
          infiniplex_forest_corner_1, infiniplex_forest_clump_long,
          infiniplex_forest_straight_1, infiniplex_forest_straight_2,
          infiniplex_forest_zigzag_1, infiniplex_forest_clump_tiny,
          infiniplex_forest_straight_5, infiniplex_forest_end_2,
          minmay_gold_behind_fungi, uniq_sigmund
D:3:      layout_basic, uniq_robin
D:4:      layout_loops_cross, minmay_temple_entry_stoned_glass, uniq_duvessa
D:5:      layout_basic, lemuel_doored_altar, bloody_makhleb,
          mainiacjoe_overflow_tiny_flanked
Temple:   jpeg_temple_clearing

Skill      XL: |  1  2  3  4  5  6  7 |
---------------+----------------------+-----
Dodging        | 3 4 5 |  5.7
Spellcasting   | 5 6 |  6.4
Summonings     | 5 6 |  6.4
Hexes          | 2 3 |  3.1
Air Magic      | 1 2 |  2.3
Evocations     | 1 |  1.5
Stealth        | |  2.4

Action                   |  1- 3 |  4- 6 |  7- 9 || total
-------------------------+-------+-------+-------++-------
Melee: Unarmed           |     6 |       |       ||     6
       Dagger            |    18 |    29 |    14 ||    61
       Punch             |       |     1 |       ||     1
 Cast: Summon Small Mamm |    53 |    32 |    10 ||    95
       Call Imp          |    12 |    11 |     4 ||    27
       Call Canine Famil |     2 |    13 |     7 ||    22
       Summon Guardian G |       |       |     7 ||     7
  Use: Potion            |       |     2 |       ||     2
 Stab: Sleeping          |     1 |     1 |     1 ||     3
       Distracted        |     1 |     1 |       ||     2
Armor: Robe              |     7 |     7 |     4 ||    18
Dodge: Dodged            |    39 |    27 |    16 ||    82
